| TOP OF THE 1ST |
|
Miami (APP) Marlins batting - Pitching for Ogden Raptors : RHP Cory Fischer
|
|
Pitching: RHP Cory Fischer
|
|
|
Batting: RHB Adrian Bocker
|
0-0: Swinging Strike 0-1: Ball 1-1: Ball 2-1: Ball 3-1: Base on Balls
|
|
Batting: RHB Jason Thrash
|
0-0: Ball 1-0: Swinging Strike 1-1: Foul Ball, location: 2F 1-2: Foul Ball, location: 2F 1-2: Ball 2-2: Foul Ball, location: 2F 2-2: Foul Ball, location: 2F 2-2: Ball 3-2: Base on Balls Adrian Bocker to second
|
|
Batting: RHB Mario Cota
|
0-0: Called Strike 0-1: Swinging Strike 0-2: SINGLE (Flyball, 56D, EV 93.8 MPH) Adrian Bocker to third Jason Thrash to second
|
|
Batting: SHB Matt Moore
|
0-0: Ball 1-0: Ball 2-0: Called Strike 2-1: Ball 3-1: Base on Balls Adrian Bocker scores Jason Thrash to third Mario Cota to second
|
|
Pitching: RHP Victor Delgado
|
|
|
Batting: RHB Keith Bennett
|
0-0: Fly out, F9 (Flyball, 89M, EV 91.3 MPH) Runner from 3rd tags up, OUT at HOME! 9-2 Mario Cota to third Matt Moore to second
|
|
Batting: RHB Rick Knoblauch
|
0-0: Called Strike 0-1: SINGLE (Groundball, 56D, EV 100.6 MPH) Mario Cota scores Matt Moore to third Runner from 3rd tries for Home, SAFE, throw by LF to home
|
|
Batting: LHB Gavrilo Brkic
|
0-0: Called Strike 0-1: Ball 1-1: Ball Rick Knoblauch is caught stealing 2nd base 2-6
|
| Top of the 1st over - 3 runs, 2 hits, 0 errors, 0 left on base; Miami (APP) 3 - Ogden 0 |
| BOTTOM OF THE 1ST |
|
Ogden Raptors batting - Pitching for Miami (APP) Marlins : RHP Adam Brown
|
|
Pitching: RHP Adam Brown
|
|
|
Batting: LHB Santiago Chavira
|
0-0: Ball 1-0: Ball 2-0: Reached on error, E6 (Groundball, 6, EV 86.3 MPH)
|
|
Batting: RHB Gary Ming
|
Pickoff Throw to First - Error! E1 Santiago Chavira to second 0-0: Ball 1-0: Called Strike 1-1: Called Strike 1-2: Foul Ball, location: 2F 1-2: Ball 2-2: SINGLE (Line Drive, 9LS, EV 90.6 MPH) Santiago Chavira to third
|
|
Batting: LHB Mike Dickinson
|
0-0: Ball 1-0: SINGLE (Line Drive, 9LS, EV 86.3 MPH) Santiago Chavira scores Gary Ming to second
|
|
Batting: LHB Tore Bosch
|
0-0: Ball 1-0: Swinging Strike 1-1: Ball 2-1: Fly out, F8 (Flyball, 8RM, EV 86.3 MPH)
|
|
Batting: RHB Bob Magana
|
0-0: Called Strike 0-1: DOUBLE (Groundball, 3L, EV 96.9 MPH) Gary Ming scores Mike Dickinson to third
|
|
Batting: RHB Charles Blatchford
|
0-0: Ball 1-0: Ball 2-0: Called Strike 2-1: Foul Ball, location: 2F 2-2: Ground out U3 (Groundball, 34S, EV 90.0 MPH) Mike Dickinson scores Bob Magana to third
|
|
Pitching: RHP Matt Alexander
|
|
|
Batting: RHB Junro Kato
|
0-0: Ball 1-0: Foul Ball, location: 2F 1-1: Ball 2-1: Swinging Strike 2-2: Ball 3-2: Strikes out swinging
|
| Bottom of the 1st over - 3 runs, 3 hits, 2 errors, 1 left on base; Miami (APP) 3 - Ogden 3 |
| TOP OF THE 2ND |
|
Miami (APP) Marlins batting - Pitching for Ogden Raptors : RHP Victor Delgado
|
|
Batting: LHB Gavrilo Brkic
|
0-0: SINGLE (Groundball, 34D, EV 104.4 MPH)
|
|
Batting: LHB Melvin Castro
|
0-0: Foul Ball, location: 2F 0-1: Called Strike 0-2: Ball 1-2: Ball 2-2: Ball 3-2: Foul Ball, location: 2F 3-2: Strikes out swinging
|
|
Batting: LHB Bryan Wedge
|
0-0: Sac Bunt to 13 - play at first, batter OUT! 1-3 Gavrilo Brkic to second
|
|
Batting: RHB Adrian Bocker
|
0-0: Foul Ball, location: 2F 0-1: Swinging Strike 0-2: Ball Wild Pitch! Gavrilo Brkic to third 1-2: Strikes out swinging
|
| Top of the 2nd over - 0 runs, 1 hit, 0 errors, 1 left on base; Miami (APP) 3 - Ogden 3 |
| BOTTOM OF THE 2ND |
|
Ogden Raptors batting - Pitching for Miami (APP) Marlins : RHP Matt Alexander
|
|
Batting: RHB Matt Alderson
|
0-0: Ball 1-0: Called Strike 1-1: Ball 2-1: Called Strike 2-2: Foul Ball, location: 2F 2-2: Strikes out swinging
|
|
Batting: SHB Josh Vaill
|
0-0: Ball 1-0: Ball 2-0: Ball 3-0: Called Strike 3-1: Called Strike 3-2: Base on Balls
|
|
Pitching: LHP Tyler Murders
|
|
|
Batting: LHB Santiago Chavira
|
0-0: Ball 1-0: Bunt missed! 1-1: Ball 2-1: Foul Ball, location: 2F 2-2: Fielders Choice at 2nd, 4-6 (Groundball, 4, EV 103.1 MPH)
|
|
Batting: RHB Gary Ming
|
0-0: Ball Santiago Chavira steals 2nd base (no throw) 1-0: DOUBLE (Groundball, 5L, EV 105.6 MPH) Santiago Chavira scores
|
|
Batting: LHB Mike Dickinson
|
0-0: Foul Ball, location: 2F 0-1: 2-RUN HOME RUN (Flyball, 78XD, EV 113.8 MPH), Distance : 440 ft
|
|
Batting: LHB Tore Bosch
|
0-0: Called Strike 0-1: Ball 1-1: SINGLE (Flyball, 5D, EV 90.0 MPH)
|
|
Batting: RHB Bob Magana
|
0-0: Called Strike 0-1: SINGLE (Groundball, 6MD, EV 96.3 MPH) Tore Bosch to second Runner from 2nd tries for 3rd, SAFE, no throw by CF
|
|
Batting: RHB Charles Blatchford
|
0-0: Ball 1-0: Ball Wild Pitch! Tore Bosch scores Bob Magana to second 2-0: SINGLE (Line Drive, 4D, EV 96.9 MPH) Bob Magana to third
|
|
Batting: RHB Junro Kato
|
0-0: Fly out, F9 (Flyball, 9, EV 92.5 MPH)
|
| Bottom of the 2nd over - 4 runs, 5 hits, 0 errors, 2 left on base; Miami (APP) 3 - Ogden 7 |
| TOP OF THE 3RD |
|
Miami (APP) Marlins batting - Pitching for Ogden Raptors : RHP Victor Delgado
|
|
Pitching: RHP Nick Vigh
|
|
|
Batting: RHB Jason Thrash
|
0-0: Ball 1-0: Foul Ball, location: 2F 1-1: Called Strike 1-2: Strikes out looking
|
|
Batting: RHB Mario Cota
|
0-0: Swinging Strike 0-1: Ball 1-1: SINGLE (Line Drive, 9LS, EV 98.8 MPH)
|
|
Batting: SHB Matt Moore
|
0-0: Swinging Strike 0-1: Foul Ball, location: 2F 0-2: Ball 1-2: Strikes out swinging
|
|
Batting: RHB Keith Bennett
|
0-0: Foul Ball, location: 2F 0-1: Called Strike 0-2: Foul Ball, location: 2F 0-2: Ball 1-2: Strikes out swinging
|
| Top of the 3rd over - 0 runs, 1 hit, 0 errors, 1 left on base; Miami (APP) 3 - Ogden 7 |
| BOTTOM OF THE 3RD |
|
Ogden Raptors batting - Pitching for Miami (APP) Marlins : LHP Tyler Murders
|
|
Batting: RHB Matt Alderson
|
0-0: DOUBLE (Flyball, 78D, EV 104.4 MPH)
|
|
Batting: SHB Josh Vaill
|
0-0: Foul Ball, location: 2F 0-1: Ball 1-1: Ball 2-1: Ball 3-1: Called Strike 3-2: 2-RUN HOME RUN (Flyball, 7D, EV 95.6 MPH), Distance : 382 ft
|
|
Batting: LHB Santiago Chavira
|
0-0: Ground out U3 (Groundball, 3L, EV 79.4 MPH)
|
|
Batting: RHB Gary Ming
|
0-0: Ball 1-0: Ball 2-0: Called Strike 2-1: Ball 3-1: Foul Ball, location: 2F 3-2: Base on Balls
|
|
Batting: LHB Mike Dickinson
|
0-0: SINGLE (Groundball, 4MD, EV 102.5 MPH) Gary Ming to second
|
|
Batting: LHB Tore Bosch
|
0-0: Called Strike 0-1: Called Strike 0-2: Ball 1-2: Strikes out swinging
|
|
Batting: RHB Bob Magana
|
0-0: Foul Ball, location: 2F 0-1: Ball 1-1: Ball 2-1: Ball 3-1: Foul Ball, location: 2F 3-2: Base on Balls Gary Ming to third Mike Dickinson to second
|
|
Batting: RHB Charles Blatchford
|
0-0: Ball 1-0: Ball 2-0: Called Strike 2-1: Foul Ball, location: 2F 2-2: SINGLE (Line Drive, 4MD, EV 108.1 MPH) Gary Ming scores Mike Dickinson to third Bob Magana to second
|
|
Batting: RHB Junro Kato
|
0-0: GRAND SLAM HOME RUN (Flyball, 7D, EV 95.0 MPH), Distance : 377 ft
|
|
Pitching: RHP Jeremy Akande
|
|
|
Batting: RHB Matt Alderson
|
0-0: Foul Ball, location: 2F 0-1: Swinging Strike 0-2: Ball 1-2: Strikes out swinging
|
| Bottom of the 3rd over - 7 runs, 5 hits, 0 errors, 0 left on base; Miami (APP) 3 - Ogden 14 |
| TOP OF THE 4TH |
|
Miami (APP) Marlins batting - Pitching for Ogden Raptors : RHP Nick Vigh
|
|
Batting: RHB Rick Knoblauch
|
0-0: Ball 1-0: Ball 2-0: Foul Ball, location: 2F 2-1: Foul Ball, location: 2F 2-2: SINGLE (Groundball, 6MS, EV 66.9 MPH) (infield hit)
|
|
Pitching: RHP Justin Donovan
|
|
|
Batting: LHB Gavrilo Brkic
|
0-0: Swinging Strike 0-1: Ball 1-1: Ball 2-1: Foul Ball, location: 2F 2-2: Strikes out swinging
|
|
Batting: LHB Melvin Castro
|
0-0: Called Strike 0-1: Ball 1-1: Called Strike 1-2: Ball 2-2: Fielders Choice at 2nd, 3-6 (Groundball, 3, EV 83.1 MPH)
|
|
Batting: LHB Bryan Wedge
|
0-0: Swinging Strike 0-1: Ball 1-1: Foul Ball, location: 2F 1-2: Strikes out swinging
|
| Top of the 4th over - 0 runs, 1 hit, 0 errors, 1 left on base; Miami (APP) 3 - Ogden 14 |
| BOTTOM OF THE 4TH |
|
Ogden Raptors batting - Pitching for Miami (APP) Marlins : RHP Jeremy Akande
|
|
Batting: SHB Josh Vaill
|
0-0: Ball 1-0: Ball 2-0: Foul Ball, location: 2F 2-1: Ball 3-1: Foul Ball, location: 2F 3-2: TRIPLE (Flyball, 7D, EV 93.1 MPH)
|
|
Batting: LHB Santiago Chavira
|
0-0: Ball 1-0: Ball 2-0: Called Strike 2-1: Ground out U3 (Groundball, 34, EV 110.6 MPH) Josh Vaill scores
|
|
Batting: RHB Gary Ming
|
0-0: Ball 1-0: Ball 2-0: Called Strike 2-1: DOUBLE (Flyball, 8RD, EV 97.5 MPH)
|
|
Pitching: LHP Mike Wasson
|
|
|
Batting: LHB Mike Dickinson
|
0-0: Ball 1-0: Ball 2-0: Fly out, F9 (Flyball, 9, EV 91.3 MPH)
|
|
Batting: LHB Tore Bosch
|
0-0: Ball 1-0: Ball 2-0: Ball 3-0: Base on Balls
|
|
Batting: RHB Bob Magana
|
0-0: Ball 1-0: Called Strike 1-1: Ball 2-1: Foul Ball, location: 2F 2-2: Foul Ball, location: 2F 2-2: Ball 3-2: Foul Ball, location: 2F 3-2: Base on Balls Gary Ming to third Tore Bosch to second
|
|
Batting: RHB Charles Blatchford
|
0-0: Ball 1-0: Ball 2-0: Ball 3-0: Base on Balls Gary Ming scores Tore Bosch to third Bob Magana to second
|
|
Batting: RHB Junro Kato
|
0-0: Ball 1-0: Ball 2-0: Called Strike 2-1: Fly out, F9 (Flyball, 9S, EV 87.5 MPH)
|
| Bottom of the 4th over - 2 runs, 2 hits, 0 errors, 3 left on base; Miami (APP) 3 - Ogden 16 |
| TOP OF THE 5TH |
|
Miami (APP) Marlins batting - Pitching for Ogden Raptors : RHP Justin Donovan
|
|
Batting: RHB Adrian Bocker
|
0-0: Foul Ball, location: 2F 0-1: Ball 1-1: Ball 2-1: Ball 3-1: Ground out 6-3 (Groundball, 6S, EV 93.8 MPH)
|
|
Pitching: RHP Charles Durand
|
|
|
Batting: RHB Jason Thrash
|
0-0: Swinging Strike 0-1: Fly out, F7 (Flyball, 7LM, EV 88.1 MPH)
|
|
Batting: RHB Mario Cota
|
0-0: Ball 1-0: Foul Ball, location: 2F 1-1: Swinging Strike 1-2: Strikes out swinging
|
| Top of the 5th over - 0 runs, 0 hits, 0 errors, 0 left on base; Miami (APP) 3 - Ogden 16 |
| BOTTOM OF THE 5TH |
|
Ogden Raptors batting - Pitching for Miami (APP) Marlins : LHP Mike Wasson
|
|
Batting: RHB Matt Alderson
|
0-0: Called Strike 0-1: SINGLE (Groundball, 6D, EV 102.5 MPH)
|
|
Batting: SHB Josh Vaill
|
0-0: Ball 1-0: Called Strike 1-1: Swinging Strike 1-2: SINGLE (Flyball, 34D, EV 93.8 MPH) Matt Alderson to second
|
|
Batting: LHB Santiago Chavira
|
0-0: Called Strike 0-1: Ball 1-1: Fly out, F7 (Flyball, 7S, EV 94.4 MPH)
|
|
Batting: RHB Gary Ming
|
0-0: Ball Passed Ball! Matt Alderson to third Josh Vaill to second 1-0: Called Strike 1-1: Foul Ball, location: 2F 1-2: Ball 2-2: Foul Ball, location: 2F 2-2: Single, Error in OF, E9, batter to second base (Groundball, 34D, EV 96.3 MPH) Matt Alderson scores Josh Vaill scores
|
|
Batting: LHB Mike Dickinson
|
0-0: Ball 1-0: Foul Ball, location: 2F 1-1: Ball 2-1: Ball 3-1: Swinging Strike 3-2: SINGLE (Groundball, 6D, EV 95.6 MPH) Gary Ming to third
|
|
Batting: LHB Tore Bosch
|
0-0: Called Strike 0-1: Swinging Strike 0-2: Ball 1-2: Ball 2-2: Strikes out swinging
|
|
Batting: RHB Bob Magana
|
0-0: Ball 1-0: Called Strike 1-1: Ball Wild Pitch! Gary Ming scores Mike Dickinson to second 2-1: Reached on error, E5 (Groundball, 56D, EV 91.9 MPH) Mike Dickinson to third
|
|
Batting: RHB Charles Blatchford
|
0-0: Ball 1-0: Ground out 3-1 (Groundball, 34, EV 88.1 MPH)
|
| Bottom of the 5th over - 3 runs, 4 hits, 2 errors, 2 left on base; Miami (APP) 3 - Ogden 19 |
| TOP OF THE 6TH |
|
Miami (APP) Marlins batting - Pitching for Ogden Raptors : RHP Charles Durand
|
|
Batting: SHB Matt Moore
|
0-0: Ball 1-0: Ball 2-0: SINGLE (Groundball, 34D, EV 98.1 MPH)
|
|
Batting: RHB Keith Bennett
|
0-0: Ball 1-0: Ball 2-0: Ball 3-0: Called Strike 3-1: Swinging Strike 3-2: Foul Ball, location: 2F 3-2: Foul Ball, location: 2F 3-2: Strikes out swinging
|
|
Batting: RHB Rick Knoblauch
|
0-0: Called Strike 0-1: Called Strike 0-2: Ball 1-2: Strikes out swinging
|
|
Pitching: RHP Ramon Luna
|
|
|
Batting: LHB Gavrilo Brkic
|
0-0: Swinging Strike Passed Ball! Matt Moore to second 0-1: Swinging Strike 0-2: Strikes out looking
|
| Top of the 6th over - 0 runs, 1 hit, 0 errors, 1 left on base; Miami (APP) 3 - Ogden 19 |
| BOTTOM OF THE 6TH |
|
Ogden Raptors batting - Pitching for Miami (APP) Marlins : LHP Mike Wasson
|
|
Batting: RHB Junro Kato
|
0-0: Called Strike 0-1: Foul Ball, location: 2F 0-2: Ball 1-2: Ball 2-2: SINGLE (Groundball, 4, EV 100.0 MPH)
|
|
Batting: RHB Matt Alderson
|
0-0: Ball 1-0: Ball 2-0: Ball 3-0: Base on Balls Junro Kato to second
|
|
Batting: SHB Josh Vaill
|
0-0: Swinging Strike 0-1: Called Strike 0-2: Ball 1-2: Foul Ball, location: 2F 1-2: Ball 2-2: Ball 3-2: Foul Ball, location: 2F 3-2: Base on Balls Junro Kato to third Matt Alderson to second
|
|
Batting: LHB Santiago Chavira
|
0-0: Called Strike 0-1: Swinging Strike 0-2: Foul Ball, location: 2F 0-2: Ball Wild Pitch! Junro Kato scores Matt Alderson to third Josh Vaill to second 1-2: Foul Ball, location: 2F 1-2: TRIPLE (Flyball, 8RXD, EV 93.8 MPH) Matt Alderson scores Josh Vaill scores
|
|
Batting: RHB Gary Ming
|
0-0: SINGLE (Groundball, 4D, EV 100.0 MPH) Santiago Chavira scores
|
|
Batting: LHB Mike Dickinson
|
0-0: Ball 1-0: Ball 2-0: Foul Ball, location: 2F 2-1: Ball 3-1: Base on Balls Gary Ming to second
|
|
Batting: LHB Tore Bosch
|
0-0: Foul Ball, location: 2F 0-1: DOUBLE (Groundball, 3L, EV 100.0 MPH) Gary Ming scores Mike Dickinson to third Runner from 3rd tries for Home, SAFE, no throw by RF
|
|
Batting: RHB Bob Magana
|
0-0: Called Strike 0-1: Ball 1-1: Ground out 1-3 (Groundball, 15, EV 68.8 MPH)
|
|
Batting: RHB Charles Blatchford
|
0-0: Reached via error on a dropped throw from 1B, E1 (Groundball, 34, EV 82.5 MPH) Tore Bosch to third
|
|
Batting: RHB Junro Kato
|
0-0: SINGLE (Groundball, 4MD, EV 99.4 MPH) Tore Bosch scores Charles Blatchford to second
|
|
Batting: RHB Matt Alderson
|
0-0: Foul Ball, location: 2F 0-1: Swinging Strike 0-2: Foul Ball, location: 2F 0-2: Foul Ball, location: 2F 0-2: Ball 1-2: Fly out, F8 (Flyball, 8LM, EV 91.3 MPH)
|
|
Batting: SHB Josh Vaill
|
0-0: Called Strike 0-1: SINGLE (Groundball, 4D, EV 98.8 MPH) Charles Blatchford to third Junro Kato to second
|
|
Batting: LHB Santiago Chavira
|
0-0: Fielders Choice at 2nd, 6-4 (Groundball, 6, EV 92.5 MPH)
|
| Bottom of the 6th over - 7 runs, 6 hits, 1 error, 3 left on base; Miami (APP) 3 - Ogden 26 |
| TOP OF THE 7TH |
|
Miami (APP) Marlins batting - Pitching for Ogden Raptors : RHP Ramon Luna
|
|
Batting: LHB Melvin Castro
|
0-0: Foul Ball, location: 2F 0-1: Swinging Strike 0-2: Ball 1-2: Ball 2-2: Strikes out swinging
|
|
Batting: LHB Bryan Wedge
|
0-0: Ball 1-0: Called Strike 1-1: Called Strike 1-2: Strikes out swinging
|
|
Batting: RHB Adrian Bocker
|
0-0: Called Strike 0-1: Swinging Strike 0-2: Strikes out swinging
|
| Top of the 7th over - 0 runs, 0 hits, 0 errors, 0 left on base; Miami (APP) 3 - Ogden 26 |
| BOTTOM OF THE 7TH |
|
Ogden Raptors batting - Pitching for Miami (APP) Marlins : LHP Mike Wasson
|
|
Batting: RHB Gary Ming
|
0-0: Ball 1-0: Called Strike 1-1: Ball 2-1: Foul Ball, location: 2F 2-2: Foul Ball, location: 2F 2-2: Ball 3-2: Foul Ball, location: 2F 3-2: Base on Balls
|
|
Batting: LHB Mike Dickinson
|
0-0: SINGLE (Groundball, 56D, EV 98.8 MPH) Gary Ming to second
|
|
Batting: LHB Tore Bosch
|
0-0: Ball 1-0: SINGLE (Line Drive, 5D, EV 94.4 MPH) Gary Ming to third Mike Dickinson to second
|
|
Batting: RHB Bob Magana
|
0-0: Ball 1-0: Foul Ball, location: 2F 1-1: Ball 2-1: Fly out, F9 (Flyball, 9S, EV 93.1 MPH)
|
|
Batting: RHB Charles Blatchford
|
0-0: SINGLE (Line Drive, 8LS, EV 105.6 MPH) Gary Ming scores Mike Dickinson to third Tore Bosch to second Runner from 3rd tries for Home, throw by CF and OUT! 8-2
|
|
Batting: RHB Junro Kato
|
0-0: Foul Ball, location: 2F 0-1: Ball 1-1: Ball 2-1: Ball 3-1: Base on Balls Tore Bosch to third Charles Blatchford to second
|
|
Batting: RHB Matt Alderson
|
0-0: Ball 1-0: Ball 2-0: Swinging Strike 2-1: Ball 3-1: Base on Balls Tore Bosch scores Charles Blatchford to third Junro Kato to second
|
|
Batting: SHB Josh Vaill
|
0-0: DOUBLE (Flyball, 8RXD, EV 91.9 MPH) Charles Blatchford scores Junro Kato scores Matt Alderson to third
|
|
Batting: LHB Santiago Chavira
|
0-0: Foul Ball, location: 2F 0-1: Foul Ball, location: 2F 0-2: Strikes out swinging
|
| Bottom of the 7th over - 4 runs, 4 hits, 0 errors, 2 left on base; Miami (APP) 3 - Ogden 30 |
| TOP OF THE 8TH |
|
Miami (APP) Marlins batting - Pitching for Ogden Raptors : RHP Ramon Luna
|
|
Batting: RHB Jason Thrash
|
0-0: Foul Ball, location: 2F 0-1: Ball 1-1: Foul Ball, location: 2F 1-2: Strikes out swinging
|
|
Pitching: RHP Ian Wilson
|
|
|
Batting: RHB Mario Cota
|
0-0: Called Strike 0-1: Ball 1-1: Swinging Strike 1-2: Fly out, F8 (Line Drive, 8RD, EV 110.6 MPH)
|
|
Batting: SHB Matt Moore
|
0-0: Called Strike 0-1: Ball 1-1: Swinging Strike 1-2: Foul Ball, location: 2F 1-2: Foul Ball, location: 2F 1-2: Strikes out swinging
|
| Top of the 8th over - 0 runs, 0 hits, 0 errors, 0 left on base; Miami (APP) 3 - Ogden 30 |
| BOTTOM OF THE 8TH |
|
Ogden Raptors batting - Pitching for Miami (APP) Marlins : LHP Mike Wasson
|
|
Batting: RHB Gary Ming
|
0-0: Ground out U3 (Groundball, 34S, EV 88.8 MPH)
|
|
Batting: LHB Mike Dickinson
|
0-0: Fly out, F8 (Flyball, 78M, EV 89.4 MPH)
|
|
Batting: LHB Tore Bosch
|
0-0: Fly out, F7 (Flyball, 7LM, EV 85.0 MPH)
|
| Bottom of the 8th over - 0 runs, 0 hits, 0 errors, 0 left on base; Miami (APP) 3 - Ogden 30 |
| TOP OF THE 9TH |
|
Miami (APP) Marlins batting - Pitching for Ogden Raptors : RHP Ian Wilson
|
|
Batting: RHB Keith Bennett
|
0-0: Swinging Strike 0-1: Swinging Strike 0-2: Strikes out looking
|
|
Batting: RHB Rick Knoblauch
|
0-0: Ball 1-0: Called Strike 1-1: Called Strike 1-2: Foul Ball, location: 2F 1-2: Strikes out swinging
|
|
Pitching: RHP Luis Hinostroza
|
|
|
Batting: LHB Gavrilo Brkic
|
0-0: Foul Ball, location: 2F 0-1: SINGLE (Groundball, 4D, EV 100.6 MPH)
|
|
Batting: LHB Melvin Castro
|
0-0: Called Strike 0-1: Foul Ball, location: 2F 0-2: SINGLE (Groundball, 56D, EV 96.9 MPH) Gavrilo Brkic to second
|
|
Batting: LHB Bryan Wedge
|
0-0: Fly out, F8 (Flyball, 8LS, EV 87.5 MPH)
|
| Top of the 9th over - 0 runs, 2 hits, 0 errors, 2 left on base; Miami (APP) 3 - Ogden 30 |
|